PL
VANCOUVER GREY WOLVES @ BUCKHEAD BOWTIES
07/19/2034
 
TOP OF THE 1ST
Vancouver Grey Wolves batting - Pitching for Buckhead Bowties : RHP José García
Pitching: RHP José García
Batting: LHB Michael Malloy 0-0: Called Strike
0-1: Ball
1-1: Foul Ball, location: 2F
1-2: Ball
2-2: Ball
3-2: Foul Ball, location: 2F
3-2: Ground out U3 (Groundball, 34)
Batting: RHB Hugh Mungus 0-0: Ball
1-0: Foul Ball, location: 2F
1-1: Foul Ball, location: 2F
1-2: Ball
2-2: Ball
3-2: Fly out, F5 (Line Drive, 5S)
Batting: RHB Urs van Munster 0-0: Ball
1-0: Ball
2-0: Foul Ball, location: 2F
2-1: Ball
3-1: Foul Ball, location: 2F
3-2: Base on Balls
Batting: RHB Iván Vega 0-0: Ball
1-0: Ball
2-0: Foul Ball, location: 2F
2-1: Ball
3-1: Ground out 5-3 (Groundball, 56S)
Top of the 1st over - 0 runs, 0 hits, 0 errors, 1 left on base; Vancouver 0 - Buckhead 0
BOTTOM OF THE 1ST
Buckhead Bowties batting - Pitching for Vancouver Grey Wolves : RHP Sjoerd Reynoud
Pitching: RHP Sjoerd Reynoud
Batting: LHB José Valéncia 0-0: Swinging Strike
0-1: Called Strike
0-2: Ball
1-2: Foul Ball, location: 2F
1-2: Ground out U3 (Groundball, 34)
Batting: LHB Shunso Kiyomizu 0-0: Ball
1-0: Ball
2-0: Fly out, F8 (Flyball, 8RXD)
Batting: RHB Richard Jost 0-0: Ball
1-0: Ball
2-0: Swinging Strike
2-1: Ball
3-1: Foul Ball, location: 2F
3-2: DOUBLE (Flyball, 7LD)
Batting: RHB Derek Bangert 0-0: Ball
1-0: Ball
2-0: Foul Ball, location: 2F
2-1: Ground out 4-3 (Groundball, 4)
Bottom of the 1st over - 0 runs, 1 hit, 0 errors, 1 left on base; Vancouver 0 - Buckhead 0
TOP OF THE 2ND
Vancouver Grey Wolves batting - Pitching for Buckhead Bowties : RHP José García
Batting: RHB Ángelo Delgado 0-0: Called Strike
0-1: Ball
1-1: Fly out, F4 (Popup, 34)
Batting: RHB Hani Azwan 0-0: Ball
1-0: Ball
2-0: Ball
3-0: Called Strike
3-1: Fly out, F8 (Flyball, 8RXD)
Batting: LHB Johan Kroening 0-0: Ball
1-0: Ball
2-0: Ground out 6-3 (Groundball, 6)
Top of the 2nd over - 0 runs, 0 hits, 0 errors, 0 left on base; Vancouver 0 - Buckhead 0
BOTTOM OF THE 2ND
Buckhead Bowties batting - Pitching for Vancouver Grey Wolves : RHP Sjoerd Reynoud
Batting: RHB Daniel McCoy 0-0: Ball
1-0: Called Strike
1-1: Ball
2-1: Foul Ball, location: 2F
2-2: Foul Ball, location: 2F
2-2: Foul Ball, location: 2F
2-2: Ground out 5-3 (Groundball, 56S)
Batting: RHB David Edwards 0-0: Foul Ball, location: 2F
0-1: Ball
1-1: Ball
2-1: SINGLE (Groundball, 6MD)
Batting: LHB Edwin Church 0-0: Ball
1-0: SINGLE (Line Drive, 89M)
David Edwards to second
Runner from 2nd tries for 3rd, SAFE, no throw
Batting: RHB Emílio Agramónte 0-0: SINGLE (Groundball, 6D)
David Edwards scores
Edwin Church to second
Batting: RHB Raúl Ruíz 0-0: Called Strike
0-1: Fly out, F8 (Line Drive, 8LS)
Batting: LHB José Valéncia 0-0: Ball
1-0: Ball
2-0: Called Strike
2-1: SINGLE (Line Drive, 89S)
Edwin Church to third
Emílio Agramónte to second
Batting: LHB Shunso Kiyomizu 0-0: Swinging Strike
0-1: Fielders Choice at 2nd, 6-4 (Groundball, 4M)
Bottom of the 2nd over - 1 run, 4 hits, 0 errors, 3 left on base; Vancouver 0 - Buckhead 1
TOP OF THE 3RD
Vancouver Grey Wolves batting - Pitching for Buckhead Bowties : RHP José García
Batting: RHB Gabriel Hernández 0-0: Fly out, F7 (Flyball, 7S)
Batting: LHB Gerardo Ponce de Leon 0-0: Ball
1-0: Ground out 4-3 (Groundball, 34D)
Batting: LHB Michael Malloy 0-0: Ball
1-0: Ball
2-0: Foul Ball, location: 2F
2-1: Ball
3-1: Base on Balls
Batting: RHB Hugh Mungus 0-0: Ball
1-0: Foul Ball, location: 2F
1-1: Ball
2-1: Foul Ball, location: 2F
2-2: Fly out, F7 (Flyball, 7)
Top of the 3rd over - 0 runs, 0 hits, 0 errors, 1 left on base; Vancouver 0 - Buckhead 1
BOTTOM OF THE 3RD
Buckhead Bowties batting - Pitching for Vancouver Grey Wolves : RHP Sjoerd Reynoud
Batting: RHB Richard Jost 0-0: Called Strike
0-1: Foul Ball, location: 2F
0-2: Ball
1-2: Fly out, F8 (Flyball, 8RM)
Batting: RHB Derek Bangert 0-0: Ball
1-0: Swinging Strike
1-1: Ground out 3-1 (Groundball, 34S)
Batting: RHB Daniel McCoy 0-0: Called Strike
0-1: Ball
1-1: Called Strike
1-2: Ball
2-2: Ball
3-2: Reached on error, E8 (Flyball, 8LXD)
Batting: RHB David Edwards 0-0: Called Strike
0-1: DOUBLE (Flyball, 89XD)
Daniel McCoy scores
Batting: LHB Edwin Church 0-0: Ball
1-0: Foul Ball, location: 2F
1-1: Called Strike
1-2: Ball
2-2: Ball
3-2: Base on Balls
Batting: RHB Emílio Agramónte 0-0: Fly out, F7 (Flyball, 78S)
Bottom of the 3rd over - 1 run, 1 hit, 1 error, 2 left on base; Vancouver 0 - Buckhead 2
TOP OF THE 4TH
Vancouver Grey Wolves batting - Pitching for Buckhead Bowties : RHP José García
Batting: RHB Urs van Munster 0-0: Ball
1-0: Foul Ball, location: 2F
1-1: Ball
2-1: Called Strike
2-2: Ground out 6-3 (Groundball, 6)
Batting: RHB Iván Vega 0-0: Ground out 6-3 (Groundball, 6)
Batting: RHB Ángelo Delgado 0-0: Called Strike
0-1: Ball
1-1: Fly out, F9 (Flyball, 9S)
Top of the 4th over - 0 runs, 0 hits, 0 errors, 0 left on base; Vancouver 0 - Buckhead 2
BOTTOM OF THE 4TH
Buckhead Bowties batting - Pitching for Vancouver Grey Wolves : RHP Sjoerd Reynoud
Batting: RHB Raúl Ruíz 0-0: Ball
1-0: Fly out, F6 (Popup, 56D)
Batting: LHB José Valéncia 0-0: Ball
1-0: Reached on error, E4 (Groundball, 4M)
Batting: LHB Shunso Kiyomizu 0-0: Ball
Wild Pitch!
José Valéncia to second
1-0: Foul Ball, location: 2F
1-1: SINGLE (Flyball, 8RS)
José Valéncia to third
Runner from 3rd tries for Home, SAFE, no throw
Batting: RHB Richard Jost 0-0: Ball
1-0: Called Strike
1-1: Grounds into double play, 5-4-3 (Groundball, 56)
Bottom of the 4th over - 1 run, 1 hit, 1 error, 0 left on base; Vancouver 0 - Buckhead 3
TOP OF THE 5TH
Vancouver Grey Wolves batting - Pitching for Buckhead Bowties : RHP José García
Batting: RHB Hani Azwan 0-0: Called Strike
0-1: Ball
1-1: Ground out 4-3 (Groundball, 4M)
Batting: LHB Johan Kroening 0-0: Fly out, F8 (Flyball, 89D)
Batting: RHB Gabriel Hernández 0-0: Ball
1-0: Fly out, F9 (Flyball, 9LM)
Top of the 5th over - 0 runs, 0 hits, 0 errors, 0 left on base; Vancouver 0 - Buckhead 3
BOTTOM OF THE 5TH
Buckhead Bowties batting - Pitching for Vancouver Grey Wolves : RHP Sjoerd Reynoud
Batting: RHB Derek Bangert 0-0: Called Strike
0-1: Called Strike
0-2: Ground out 6-3 (Groundball, 6)
Batting: RHB Daniel McCoy 0-0: Foul Ball, location: 2F
0-1: Ball
1-1: Swinging Strike
1-2: Ball
2-2: Fly out, F9 (Flyball, 9LM)
Batting: RHB David Edwards 0-0: Ball
1-0: Ball
2-0: Called Strike
2-1: Ball
3-1: Foul Ball, location: 2F
3-2: Fly out, F4 (Line Drive, 4MD)
Bottom of the 5th over - 0 runs, 0 hits, 0 errors, 0 left on base; Vancouver 0 - Buckhead 3
TOP OF THE 6TH
Vancouver Grey Wolves batting - Pitching for Buckhead Bowties : RHP José García
Batting: LHB Gerardo Ponce de Leon 0-0: Ball
1-0: Foul Ball, location: 2F
1-1: Fly out, F9 (Flyball, 9LM)
Batting: LHB Michael Malloy 0-0: Ball
1-0: Ball
2-0: Foul Ball, location: 2F
2-1: Swinging Strike
2-2: Strikes out swinging
Batting: RHB Hugh Mungus 0-0: Called Strike
0-1: Ball
1-1: Fly out, F8 (Flyball, 78D)
Top of the 6th over - 0 runs, 0 hits, 0 errors, 0 left on base; Vancouver 0 - Buckhead 3
BOTTOM OF THE 6TH
Buckhead Bowties batting - Pitching for Vancouver Grey Wolves : RHP Sjoerd Reynoud
Batting: LHB Edwin Church 0-0: Ball
1-0: Swinging Strike
1-1: Called Strike
1-2: Ball
2-2: Ball
3-2: Foul Ball, location: 2F
3-2: Foul Ball, location: 2F
3-2: Base on Balls
Batting: RHB Emílio Agramónte 0-0: Sac Bunt - play at first, batter OUT! 1-3
Edwin Church to second
Batting: RHB Raúl Ruíz 0-0: Ball
1-0: SINGLE (Groundball, 6D)
Edwin Church to third
Runner from 3rd tries for Home, SAFE, throw made home
Batting: LHB José Valéncia 0-0: Called Strike
0-1: Foul Ball, location: 2F
0-2: Ball
1-2: SINGLE (Groundball, 34) (infield hit)
Raúl Ruíz to second
Pitching: RHP Roy Shively
Batting: LHB Shunso Kiyomizu 0-0: Called Strike
0-1: Foul Ball, location: 2F
0-2: Foul Ball, location: 2F
0-2: Ball
1-2: Foul Ball, location: 2F
1-2: Grounds into double play, 4-6-3 (Groundball, 4)
Bottom of the 6th over - 1 run, 2 hits, 0 errors, 1 left on base; Vancouver 0 - Buckhead 4
TOP OF THE 7TH
Vancouver Grey Wolves batting - Pitching for Buckhead Bowties : RHP José García
Batting: RHB Urs van Munster 0-0: Ball
1-0: Ball
2-0: Ball
3-0: Called Strike
3-1: Fly out, F8 (Flyball, 8LS)
Batting: RHB Iván Vega 0-0: Called Strike
0-1: Fly out, F5 (Popup, 25F)
Batting: RHB Ángelo Delgado 0-0: Foul Ball, location: 2F
0-1: Swinging Strike
0-2: Ground out 6-3 (Groundball, 6)
Top of the 7th over - 0 runs, 0 hits, 0 errors, 0 left on base; Vancouver 0 - Buckhead 4
BOTTOM OF THE 7TH
Buckhead Bowties batting - Pitching for Vancouver Grey Wolves : RHP Roy Shively
Batting: RHB Richard Jost 0-0: Foul Ball, location: 2F
0-1: Ball
1-1: Called Strike
1-2: Foul Ball, location: 2F
1-2: Foul Ball, location: 2F
1-2: SINGLE (Line Drive, 5)
Batting: RHB Derek Bangert Balk!
Richard Jost to second
0-0: Ball
1-0: Fly out, F7 (Flyball, 78S)
Batting: RHB Daniel McCoy 0-0: Foul Ball, location: 2F
0-1: Foul Ball, location: 2F
0-2: Foul Ball, location: 2F
0-2: Foul Ball, location: 2F
0-2: Strikes out looking
Batting: RHB David Edwards 0-0: Called Strike
0-1: Ball
1-1: Ball
2-1: Ball
3-1: Base on Balls
Batting: LHB Edwin Church 0-0: Ball
1-0: Called Strike
1-1: Ball
2-1: Foul Ball, location: 2F
2-2: Fly out, F6 (Popup, 6MS)
Bottom of the 7th over - 0 runs, 1 hit, 0 errors, 2 left on base; Vancouver 0 - Buckhead 4
TOP OF THE 8TH
Vancouver Grey Wolves batting - Pitching for Buckhead Bowties : RHP José García
Batting: RHB Hani Azwan 0-0: Ball
1-0: SINGLE (Groundball, 6D)
Batting: LHB Johan Kroening 0-0: SINGLE (Line Drive, 4D)
Hani Azwan to second
Batting: RHB Gabriel Hernández 0-0: Called Strike
0-1: Ball
1-1: Swinging Strike
1-2: Strikes out swinging
Batting: LHB Gerardo Ponce de Leon 0-0: Called Strike
0-1: Foul Ball, location: 2F
0-2: Ball
1-2: Ball
2-2: Ball
3-2: Strikes out swinging
Batting: LHB Michael Malloy 0-0: Fielders Choice at 2nd, 5-4 (Groundball, 56)
Top of the 8th over - 0 runs, 2 hits, 0 errors, 2 left on base; Vancouver 0 - Buckhead 4
BOTTOM OF THE 8TH
Buckhead Bowties batting - Pitching for Vancouver Grey Wolves : RHP Roy Shively
Batting: RHB Emílio Agramónte 0-0: Ball
1-0: Called Strike
1-1: Ball
2-1: Foul Ball, location: 2F
2-2: Foul Ball, location: 2F
2-2: Ball
3-2: Base on Balls
Batting: RHB Raúl Ruíz 0-0: Ball
1-0: Ball
2-0: Fly out, F8 (Flyball, 8LD)
Batting: LHB José Valéncia 0-0: Called Strike
0-1: Ball
1-1: Fly out, F8 (Flyball, 8RM)
Batting: LHB Shunso Kiyomizu 0-0: Ball
1-0: Foul Ball, location: 2F
1-1: SINGLE (Groundball, 34D)
Emílio Agramónte to second
Runner from 2nd tries for 3rd, SAFE, no throw
Pitching: LHP Sergio Vargas
Batting: RHB Richard Jost 0-0: Ball
1-0: Hit by Pitch
Shunso Kiyomizu to second
Batting: RHB Derek Bangert 0-0: Ball
1-0: Fly out, F8 (Flyball, 8RS)
Bottom of the 8th over - 0 runs, 1 hit, 0 errors, 3 left on base; Vancouver 0 - Buckhead 4
TOP OF THE 9TH
Vancouver Grey Wolves batting - Pitching for Buckhead Bowties : RHP José García
Batting: RHB Hugh Mungus 0-0: Foul Ball, location: 2F
0-1: Ground out 5-3 (Groundball, 56)
Batting: RHB Urs van Munster 0-0: Called Strike
0-1: Ball
1-1: Ball
2-1: Foul Ball, location: 2F
2-2: SINGLE (Line Drive, 8RS)
Batting: RHB Iván Vega 0-0: Foul Ball, location: 2F
0-1: SINGLE (Line Drive, 6)
Urs van Munster to second
Batting: RHB Ángelo Delgado 0-0: Ball
1-0: Ball
2-0: Fly out, F7 (Flyball, 7S)
Batting: RHB Hani Azwan 0-0: Ball
1-0: Ground out 6-3 (Groundball, 6D)
Top of the 9th over - 0 runs, 2 hits, 0 errors, 2 left on base; Vancouver 0 - Buckhead 4
Friday, March 29th, 2019 - OOTP Baseball 18.8 Build 76